 Dungeon Crawl Stone Soup version 0.23.1 (webtiles) character file.

Game seed: 6993814418587125453

64 Borgoz the Skirmisher (level 4, -1/40 HPs)
             Began as a Ghoul Monk on Mar 8, 2019.
             Slain by a gnoll
             ... wielding a +0 spear
              (8 damage)
             ... on level 2 of the Dungeon.
             The game lasted 00:02:29 (2189 turns).

Borgoz the Skirmisher (Ghoul Monk)                  Turns: 2189, Time: 00:02:30

Health: -1/40      AC:  4    Str: 14    XL:     4   Next: 12%
Magic:  3/3        EV: 13    Int:  6    God:
Gold:   164        SH:  0    Dex: 11    Spells: 3/3 levels left

rFire    . . .     SeeInvis +   a - +0 short sword
rCold    + . .     Gourm    .   (no shield)
rNeg     + + +     Faith    .   b - +0 robe
rPois    ∞         Spirit   .   (no helmet)
rElec    .         Reflect  .   (no cloak)
rCorr    .         Harm     .   n - +0 pair of gloves
MR       .....                  j - +0 pair of boots
Stlth    ++........             (no amulet)
HPRegen  0.00/turn              l - ring of see invisible
MPRegen  0.08/turn              (no ring)

@: rotting
A: rotting body, claws 1, carnivore, cold resistance 1, negative energy
resistance 3, inhibited regeneration, torment resistance, unbreathing
a: no special abilities


You were on level 2 of the Dungeon.
You were not hungry.

You visited 1 branch of the dungeon, and saw 3 of its levels.

You collected 164 gold pieces.

Inventory:

Hand Weapons
 a - a +0 short sword (weapon)
Armour
 b - a +0 robe (worn)
 j - a +0 pair of boots (worn)
 n - a +0 pair of gloves (worn)
Jewellery
 l - a ring of see invisible (left hand)
Scrolls
 d - 6 scrolls of identify {unknown}
 e - a scroll of enchant weapon {unknown}
 f - a scroll of magic mapping {unknown}
 g - a scroll of blinking {unknown}
 h - 5 scrolls of remove curse {unknown}
 k - a scroll of noise {unknown}
Potions
 i - a potion of resistance {unknown}
 m - a potion of curing {unknown}
 p - a potion of heal wounds {unknown}
Comestibles
 c - 6 rations


   Skills:
 + Level 3.9 Fighting
 + Level 3.4 Short Blades
 + Level 3.2 Dodging
 + Level 2.5 Stealth


You had 3 spell levels left.
You didn't know any spells.
Your spell library was empty.

Dungeon Overview and Level Annotations

Branches:
Dungeon (3/15)

Altars:
Dithmenos
Nemelex Xobeh
Qazlal
Sif Muna
The Shining One


Innate Abilities, Weirdness & Mutations

Your body is rotting away.
You thrive on raw meat.
You are immune to poison.
You have sharp fingernails.
You are carnivorous and can eat meat at any time.
Your flesh is cold resistant. (rC+)
You are immune to negative energy. (rN+++)
You do not regenerate when monsters are visible.
You are immune to unholy pain and torment.
You can survive without breathing.


Message History

The gnoll is heavily wounded.
The gnoll hits you with a +0 spear.
You hit the gnoll but do no damage.
The gnoll is heavily wounded.
The gnoll hits you with a +0 spear.
* * * LOW HITPOINT WARNING * * *
You barely miss the gnoll.
The gnoll is heavily wounded.
The gnoll hits you but does no damage.
You barely miss the gnoll.
The gnoll is heavily wounded.
The gnoll hits you with a +0 spear.
* * * LOW HITPOINT WARNING * * *
You hit the gnoll but do no damage.
The gnoll is heavily wounded.
The gnoll misses you.
You hit the gnoll.
The gnoll is severely wounded.
The gnoll hits you with a +0 spear!
You die...

#.........................
#..............###########
######..............#
#....#.#####...#.#### #.##.#.#
##..#.# #.#<.#.# #..#.#
#.#..#.######..#.#
###.#..#.#.........###########
.....(...#.###..@......).....#
....#..........>g.....######.#
....#.##.#####.######.# #.#
#####.##.........# #.########
.####.#######..#.#
#.##..##P### ...##.# #.....#
#.##..('._⌠# .#.##.# #.....#
#......'._⌠# ......#
#.....#######..##≈### ......#
#..........########


You could see a gnoll.

Vanquished Creatures
  An adder (D:2)
  An ooze (D:1)
  3 dart slugs
  A leopard gecko (D:2)
  5 bats
  7 giant cockroaches
  4 hobgoblins
  3 jackals (D:2)
  4 kobolds
  A quokka (D:3)
  A frilled lizard (D:2)
  4 goblins
  4 rats
39 creatures vanquished.

Notes
Turn   | Place    | Note
-------+----------+-------------------------------------------
     0 | D:1      | Borgoz the Ghoul Monk began the quest for the Orb.
     0 | D:1      | Reached XP level 1. HP: 19/19 MP: 0/0
   286 | D:1      | Found a sparkling altar of Nemelex Xobeh.
   294 | D:1      | Reached XP level 2. HP: 21/26 MP: 1/1
   776 | D:1      | Reached XP level 3. HP: 23/30 MP: 2/2
  1223 | D:2      | Found a stormy altar of Qazlal.
  1463 | D:2      | Found a glowing golden altar of the Shining One.
  1463 | D:2      | Found a deep blue altar of Sif Muna.
  1831 | D:3      | Reached XP level 4. HP: 40/40 MP: 3/3
  1936 | D:3      | Found a shadowy altar of Dithmenos.
  1952 | D:3      | HP: 2/40 [gnoll/+0 spear (3)]
  2189 | D:2      | Slain by a gnoll

Skill      XL: |  1  2 |
---------------+-------+-----
Dodging        | 3 |  3.2
Short Blades   | 3 |  3.4
Fighting       | |  3.9
Stealth        | |  2.5

Action                   |  1- 3 |  4- 6 || total
-------------------------+-------+-------++-------
Melee: Short sword       |   138 |    21 ||   159
 Stab: Sleeping          |     5 |     2 ||     7
  Eat: Chunk             |     5 |     2 ||     7
Armor: Robe              |    26 |    14 ||    40
Dodge: Dodged            |    91 |    28 ||   119
